 Dungeon Crawl Stone Soup version 0.30-a0-743-gbfdf073431 (webtiles) character file.

Game seed: 5056083921711411627

65 arthad the Caller (level 3, -7/15 HPs)
             Began as a Felid Summoner on Feb 5, 2023.
             Mangled by a river rat (9 damage)
             ... on level 3 of the Dungeon.
             The game lasted 00:08:24 (2347 turns).

arthad the Caller (Felid Summoner)                  Turns: 2347, Time: 00:08:25

Health: -7/15      AC:  1    Str:  4    XL:     3   Next: 92%
Magic:  4/7        EV: 17    Int: 18    God:
Gold:   53         SH:  5    Dex: 16    Spells: 0/6 levels left
                                        Lives:  0   Deaths: 1

rFire   . . .      SeeInvis +    (weapon unavailable)
rCold   . . .      Faith    .    (shield unavailable)
rNeg    . . .      Spirit   .    (body armour unavailable)
rPois   .          Reflect  +    (helmet unavailable)
rElec   .          Harm     .    (cloak unavailable)
rCorr   .          Rampage  .    (gloves unavailable)
Will    .....                    (boots unavailable)
Stlth   +                        h - amulet of reflection
HPRegen 0.22/turn                (no ring)
MPRegen 0.10/turn                (no ring)

@: very slow
A: very small, claws 1, fangs 3, see invisible, speed 1, shaggy fur 1, stealthy
paws, no weapons or thrown items, no armour, multi-lived
a: no special abilities


You were on level 3 of the Dungeon.
You visited 1 branch of the dungeon, and saw 3 of its levels.

You collected 133 gold pieces.
You spent 80 gold pieces at shops.

Inventory:

Jewellery
 h - an amulet of reflection (around neck)
Scrolls
 b - a scroll of vulnerability
 e - a scroll of fear {unknown}
 f - 2 scrolls of teleportation
 g - 2 scrolls of identify {unknown}
 k - a scroll of magic mapping
 m - a scroll of enchant armour {unknown}
 p - a scroll of enchant weapon {unknown}
Potions
 a - a potion of magic
 c - 2 potions of heal wounds
 d - 2 potions of attraction {unknown}
 i - a potion of resistance {unknown}
 j - 3 potions of curing
 l - a potion of ambrosia {unknown}
 n - a potion of mutation {unknown}
 o - a potion of degeneration {unknown}


   Skills:
 + Level 0.9 Fighting
 + Level 3.1 Dodging
 - Level 2.6 Stealth
 * Level 2.4 Spellcasting
 * Level 2.3 Hexes
 * Level 5.3 Summonings


You couldn't memorise any spells.
You knew the following spells:

 Your Spells              Type           Power      Damage    Failure   Level
a - Summon Small Mammal   Summ           84%        N/A       1%          1
b - Call Imp              Summ           21%        N/A       2%          2
c - Call Canine Familiar  Summ           21%        N/A       5%          3

Your spell library contained the following spells:

 Spells                   Type           Power      Damage    Failure   Level
 Summon Guardian Golem    Hex/Summ       16%        N/A       11%         3
 Summon Lightning Spire   Summ/Air       11%        N/A       50%         4


Dungeon Overview and Level Annotations

Branches:
Dungeon (3/15)

Altars:

Shops:
D:1 !


Innate Abilities, Weirdness & Mutations

You have sharp claws.
You have razor-sharp teeth.
You have supernaturally acute eyesight. (SInv)
You cover ground quickly. (Speed+)
You are covered in fur. (AC +1)
Your paws help you pounce on unaware monsters.
You are incapable of wielding weapons or throwing items.
You cannot wear armour.
You gain extra lives every three experience levels.


Message History

Casting: Call Canine Familiar (extremely dangerous; 5% risk of failure)
Confirm with . or Enter, or press ? or * to list all spells.
A beastly little devil appears in a puff of flame.
Your hound splashes around in the water.
The river rat closely misses your hound.
The river rat bites your hound.
Your hound dies!
Your hound's corpse disappears in a puff of smoke!
The river rat bites you!
You swap places.
Your crimson imp closely misses the river rat.
The river rat closely misses your crimson imp.
Your crimson imp hits the river rat.
The river rat bites your crimson imp.
Your crimson imp hits the river rat but does no damage.
The river rat completely misses your crimson imp.
Your crimson imp hits the river rat.
Casting: Call Canine Familiar (extremely dangerous; 5% risk of failure)
Confirm with . or Enter, or press ? or * to list all spells.
Okay, then.
The river rat twitches its whiskers.
The river rat bites your crimson imp!
Your crimson imp barely misses the river rat.
The river rat closely misses your crimson imp.
The river rat bites your hound!
Your crimson imp hits the river rat.
Your hound splashes around in the water.
The river rat bites your hound!
Your hound dies!
Your hound's corpse disappears in a puff of smoke!
Your crimson imp hits the river rat but does no damage.
Your crimson imp barely misses the river rat.
The river rat closely misses your crimson imp.
The river rat barely misses you. The river rat bites your crimson imp.
Your crimson imp hits the river rat.
The river rat bites you!
Ouch! That really hurt!
* * * LOW HITPOINT WARNING * * *
The river rat barely misses your crimson imp.
The river rat attacks as you move away! You block the river rat's attack.
The river rat bites you!
Ouch! That really hurt!
You die...

........................#
............†...........#
,..................†....#
,,.................†....#
,,,.................†)..#
,,,,..############......####*****
,,,,,,*∩~~~~S#~~~#...........,,,,
,,,,,,###**#w#~#r#~.....#####****
,,,,,,#r~~~#~#5#@#~.........*
,,,,,,*~*#~r~r~#~~~~....###.*
,,,,,,***#####~#~#~.......#,*
*,**,,*~~~~~~~~#~~~..####.#,*
*,**,,**~***####~#.....,,.#,*
*,**,,**~~~~~~~#~~~......,*,*
,,,,,,*********#~~........#,*
,,,,,,,,,,,,,,,#..........#,*
,,,,,,,,,,>,,,,#..........#,*


You could see a river rat.

Vanquished Creatures
  2 bats (D:1)
  An endoplasm (D:1)
  2 frilled lizards (D:1)
5 creatures vanquished.

Vanquished Creatures (collateral kills)
  A hound (D:3)
  3 river rats (D:3)
  2 worms (D:2)
  2 dart slugs
  6 ball pythons
  3 endoplasms
  A giant cockroach (D:2)
  6 goblins
  5 hobgoblins
  A jackal (D:2)
  3 kobolds
  5 quokkas
  3 bats
  5 frilled lizards
  5 rats
51 creatures vanquished.

Grand Total: 56 creatures vanquished

Notes
Turn   | Place    | Note
-------+----------+-------------------------------------------
     0 | D:1      | arthad the Felid Summoner began the quest for the Orb.
     0 | D:1      | Reached XP level 1. HP: 7/7 MP: 4/4
    44 | D:1      | Found Beom's Distillery.
    91 | D:1      | Reached XP level 2. HP: 11/11 MP: 6/6
   135 | D:1      | Learned a level 2 spell: Call Imp
   711 | D:1      | Reached skill level 5 in Summonings
   845 | D:1      | Reached XP level 3. HP: 14/14 MP: 2/7
   849 | D:1      | Learned a level 3 spell: Call Canine Familiar
  1008 | D:1      | Bought a potion of curing for 30 gold pieces
  1008 | D:1      | Bought a potion of heal wounds for 50 gold pieces
  1919 | D:2      | Reached skill level 1 in Hexes
  2275 | D:3      | Reached XP level 4. HP: 18/18 MP: 0/8
  2305 | D:3      | Slain by a river rat
  2306 | D:3      | Reached XP level 3. HP: 0/15 MP: 0/7
  2347 | D:3      | Mangled by a river rat

Illustrated notes

Levels and vault maps discovered:
D:1:      dpeg_arrival_court, layout_rooms, serial_shops,
          nicolae_shop_hallway_stairs, hangedman_decor_riveting, minivault_25
D:2:      layout_basic, minmay_heptomino_h4
D:3:      kennysheep_big_flooded_room, layout_basic, lightli_sewer_entry_pipes

Skill      XL: |  1  2  3 |
---------------+----------+-----
Summonings     | 5 |  5.3
Hexes          | 2 |  2.3
Dodging        | 3 |  3.1
Fighting       | |  0.9
Stealth        | |  2.6
Spellcasting   | |  2.4

Action                     |  1- 3 |  4- 6 || total
---------------------------+-------+-------++-------
  Melee: Unarmed           |    19 |     2 ||    21
         Bite              |     3 |       ||     3
   Cast: Summon Small Mamm |    58 |       ||    58
         Call Imp          |    19 |       ||    19
         Call Canine Famil |     6 |     1 ||     7
    Use: Scroll            |     3 |       ||     3
 Armour: Skin              |     6 |     1 ||     7
  Dodge: Dodged            |    37 |       ||    37
  Block: Other             |     2 |       ||     2

Table legend: (Time is in decaauts)
 A = Elapsed time spent in this place.
 B = Non-inter-level travel time spent in this place.
 C = Inter-level travel time spent in this place.
 D = Time resting spent in this place.
 E = Time spent auto-exploring this place.
 F = Levels seen in this place.
 G = Mean time per level.
                   A        B        C        D        E       F      G
               +--------+--------+--------+--------+--------+-----+--------+
         Total |   2089 |   2040 |     49 |      2 |   1459 |   3 |  696.3 |
       Dungeon |   2089 |   2040 |     49 |      2 |   1459 |   3 |  696.3 |
               +--------+--------+--------+--------+--------+-----+--------+

Top non-repeatable levels by time:
     D:2: 1047 daAuts
     D:1: 912 daAuts
     D:3: 129 daAuts
